Flames vs RedWings

Created - 24 mars 2019 at 21:23

Goals
1 2 3 OT1 T
Flames 0 1 2 0 3
RedWings 2 0 1 1 4
Shots
1 2 3 OT1 T
Flames 11 8 19 0 38
RedWings 7 12 16 1 36

1st period

1. RedWings , Sean Monahan 19 (Jonathan Drouin 13, Paul Martin 20) at 1:31
2. RedWings , Brayden Schenn 25 (Ben Lovejoy 16) at 14:58

Penalties :
Kyle Brodziak (DET) for High sticking (Minor) at 10:36

2nd period

3. Flames , Evgeni Malkin 20 (Justin Faulk 37, Jared Spurgeon 38) at 1:48 (PP)

Penalties :
Kris Russell (DET) for Holding (Minor) at 0:53, Nick Ritchie (CGY) for Roughing (Minor) at 9:32, Ben Lovejoy (DET) for Hooking (Minor) at 11:46, Ben Lovejoy (DET) for Hooking (Minor) at 14:18, Jordan Martinook (CGY) for Tripping (Minor) at 18:45

3rd period

4. RedWings , Frans Nielsen 9 (Ryan Hartman 5, Ben Lovejoy 17) at 7:31
5. Flames , Evgeni Malkin 21 (James van Riemsdyk 11) at 7:43
6. Flames , Brandon Sutter 16 (Jordan Martinook 5) at 13:13

Penalties :
Jordan Martinook (CGY) for Hooking (Minor) at 7:46, Tyler Toffoli (DET) for Hooking (Minor) at 17:15

Overtime #1

7. RedWings , David Pastrnak 25 (Brayden Schenn 36) at 1:05

Penalties :
No Penalty

Goalie Stats

Mike Smith (CGY), 32 saves from 36 shots - (0.889), OTL, 9-8-1, 61:06 minutes
John Gibson (DET), 35 saves from 38 shots - (0.921), W, 27-13-6, 61:06 minutes

Players Stats for Flames

Player Name              G  A  P  +/- PIM S  H  SB GA TA FO     MP     PP MP  PK MP  
------------------------------------------------------------------------------------
Alec Martinez            0  0  0  -1  0   2  4  3  0  0  0/0    22:49   3:47   3:04 
Artem Anisimov           0  0  0  -1  0   1  2  0  0  0  8/12   11:41   0:00   1:18 
Brandon Sutter           1  0  1  -2  0   4  0  0  0  0  14/26  22:08   4:10   3:54 
Conor Sheary             0  0  0  -1  0   2  0  0  0  0  1/2    10:23   0:00   0:00 
Daniel Carr              0  0  0   0  0   2  0  0  0  0  0/0     5:56   0:00   0:00 
David Kampf              0  0  0  -1  0   1  0  0  0  0  3/4    17:30   3:56   0:36 
Evgeni Malkin            2  0  2   0  0   8  5  0  0  0  19/41  25:45   4:41   4:03 
Gabriel Bourque          0  0  0  -1  0   1  0  0  0  0  0/1    11:08   0:00   0:45 
James van Riemsdyk       0  1  1   1  0   2  0  0  0  0  0/1    20:36   4:41   0:00 
Jared Spurgeon           0  1  1   0  0   3  1  3  0  0  0/0    26:12   5:04   2:53 
Jason Demers             0  0  0  -1  0   4  1  2  0  0  0/0    22:49   3:47   3:04 
Jason Garrison           0  0  0   0  0   1  2  1  0  0  0/0    10:59   0:00   0:00 
Jordan Martinook         0  1  1  -1  4   1  2  1  0  0  0/0    16:38   3:42   0:00 
Justin Faulk             0  1  1  -1  0   2  1  0  0  0  0/0    27:18   5:04   2:53 
Marc Staal               0  0  0   0  0   0  0  1  0  0  0/0    10:59   0:00   0:00 
Matthew Peca             0  0  0   0  0   1  0  0  0  0  1/8     6:38   0:42   0:00 
Nick Ritchie             0  0  0   0  2   1  2  0  0  0  2/2     5:55   0:00   0:00 
Viktor Arvidsson         0  0  0   1  0   2  0  1  0  0  1/3    21:54   4:41   1:18 

Players Stats for RedWings

Player Name              G  A  P  +/- PIM S  H  SB GA TA FO     MP     PP MP  PK MP  
------------------------------------------------------------------------------------
Andrew Cogliano          0  0  0   0  0   1  1  0  0  0  1/2    11:56   1:52   4:55 
Ben Lovejoy              0  2  2   2  4   2  2  3  0  0  0/0    15:17   2:43   0:00 
Brayden Schenn           1  1  2   2  0   4  1  0  0  0  10/25  20:47   1:52   0:56 
Dan Hamhuis              0  0  0   0  0   2  2  1  0  0  0/0    17:56   0:00   4:53 
David Pastrnak           1  0  1   1  0   8  2  1  0  0  1/2    18:25   4:05   0:00 
Erik Haula               0  0  0   0  0   2  0  0  0  0  0/0     5:09   0:00   0:00 
Filip Forsberg           0  0  0   1  0   2  0  1  0  0  2/2    21:17   0:00   2:52 
Frans Nielsen            1  0  1   0  0   1  0  0  0  0  8/12   12:15   0:00   3:51 
Jake Gardiner            0  0  0  -1  0   0  1  2  0  0  0/0    27:31   3:14   3:58 
Jonathan Drouin          0  1  1   0  0   2  1  1  0  0  0/3    15:04   0:00   1:04 
Kris Russell             0  0  0   0  2   0  3  2  0  0  0/0    26:41   3:14   3:35 
Kyle Brodziak            0  0  0   0  2   1  2  0  0  0  7/15    9:12   0:00   4:04 
Micheal Ferland          0  0  0   0  0   1  1  0  0  0  2/4    12:29   4:05   0:00 
Nick Jensen              0  0  0   2  0   1  0  0  0  0  0/0    12:59   0:00   0:23 
Paul Martin              0  1  1   0  0   1  1  0  0  0  0/0    20:39   2:43   4:53 
Ryan Hartman             0  1  1   0  0   0  1  0  0  0  1/1     8:24   0:00   0:00 
Sean Monahan             1  0  1   0  0   4  2  1  0  0  19/33  18:51   4:05   0:00 
Tyler Toffoli            0  0  0   1  2   4  1  0  0  0  0/1    19:30   1:52   0:00 

3 Stars

1 - Evgeni Malkin (CGY)
2 - Brayden Schenn (DET)
3 - David Pastrnak (DET)

Power Play

Flames - 1 on 5 Attempt(s) - 20.00%
RedWings - 0 on 3 Attempt(s) - 0.00%

Penalty Kill

Flames - 3 on 3 Attempt(s) - 100.00% - Score 0 goal in Penalty Kill
RedWings - 4 on 5 Attempt(s) - 80.00% - Score 0 goal in Penalty Kill

Team Stat

Flames - Hits : 20 - Faceoff Wins : 49 - Blocked Shots : 12 - Penalty Minutes : 6
RedWings - Hits : 21 - Faceoff Wins : 51 - Blocked Shots : 12 - Penalty Minutes : 10

Official

Referees : Ian Walsh and Kendrick Nicholson
Linesman : Shane Heyer and Ryan Gibbons

Game Notes

No Game Note

Finance

Level 1 -- Attendance: 6500 (100.00%) -- Ticket Income 455 000 $
Level 2 -- Attendance: 5000 (100.00%) -- Ticket Income 260 000 $
Level 3 -- Attendance: 3500 (100.00%) -- Ticket Income 105 000 $
Level 4 -- Attendance: 3265 (81.08%) -- Ticket Income 32 650 $
Luxury Box -- Attendance: 1000 (100.00%) -- Ticket Income 135 000 $
Game was played at the Joe Louis Arena.
Total Attendance: 19265 (96.20%)
Total Ticket Income: 987 650 $
Other Income: 483 948 $
Total Income: 1 471 598 $

% Time on Ice - Flames

Lines # - Real PCT - Wanted PCT - Time Play
Normal Forward
1 - 35% - 40% - 15:55
2 - 29% - 30% - 12:58
3 - 23% - 20% - 10:23
4 - 13% - 10% - 5:56
Normal Defense
1 - 38% - 40% - 17:13
2 - 35% - 30% - 15:58
3 - 24% - 20% - 10:59
4 - 2% - 10% - 1:02
PP Forward
1 - 53% - 60% - 4:41
2 - 47% - 40% - 4:10
PP Defense
1 - 57% - 60% - 5:04
2 - 43% - 40% - 3:47
PK Forward
1 - 78% - 60% - 4:39
2 - 22% - 40% - 1:18
PK Defense
1 - 48% - 60% - 2:53
2 - 52% - 40% - 3:04
PK3 Forward
1 - 0% - 60%
2 - 0% - 40%
PK3 Defense
1 - 0% - 60%
2 - 0% - 40%
44 Forward
1 - 0% - 60%
2 - 0% - 40%
44 Defense
1 - 0% - 60%
2 - 0% - 40%
Last Minute Offensive  - 0:00
Last Minute Defensive  - 0:00
Total
Forward - 60:00
Defense - 60:00

% Time on Ice - RedWings

Lines # - Real PCT - Wanted PCT - Time Play
Normal Forward
1 - 39% - 40% - 17:39
2 - 31% - 30% - 14:00
3 - 19% - 20% - 8:24
4 - 11% - 10% - 5:09
Normal Defense
1 - 39% - 40% - 17:45
2 - 29% - 30% - 13:03
3 - 28% - 20% - 12:36
4 - 4% - 10% - 1:48
PP Forward
1 - 69% - 60% - 4:05
2 - 31% - 40% - 1:52
PP Defense
1 - 54% - 60% - 3:14
2 - 46% - 40% - 2:43
PK Forward
1 - 68% - 60% - 5:59
2 - 32% - 40% - 2:52
PK Defense
1 - 45% - 60% - 3:58
2 - 55% - 40% - 4:53
PK3 Forward
1 - 0% - 60%
2 - 0% - 40%
PK3 Defense
1 - 0% - 60%
2 - 0% - 40%
44 Forward
1 - 0% - 60%
2 - 0% - 40%
44 Defense
1 - 0% - 60%
2 - 0% - 40%
Last Minute Offensive  - 0:00
Last Minute Defensive  - 0:00
Total
Forward - 60:00
Defense - 60:00

Play-by-Play

1st period


0:01 of 1st period - Brayden Schenn wins face-off versus Evgeni Malkin in neutral zone.
0:56 of 1st period - Kris Russell is hit by Jordan Martinook and loses puck.
1:31 of 1st period - Shot by Sean Monahan.
1:31 of 1st period - Goal by Sean Monahan - Flames : 0 - RedWings : 1.
1:32 of 1st period - Sean Monahan wins face-off versus Artem Anisimov in neutral zone.
1:58 of 1st period - Shot by Jonathan Drouin.
1:58 of 1st period - Shot Misses the Net.
2:00 of 1st period - Shot by Paul Martin.
2:00 of 1st period - Stopped by Mike Smith without a rebound.
2:01 of 1st period - Frans Nielsen wins face-off versus Matthew Peca in Flames zone.
2:02 of 1st period - Shot by Ryan Hartman.
2:02 of 1st period - Shot Misses the Net.
2:04 of 1st period - Shot by Ryan Hartman.
2:04 of 1st period - Shot Hit the Post.
2:25 of 1st period - Shot by Matthew Peca.
2:25 of 1st period - Shot Blocked by Ben Lovejoy.
3:18 of 1st period - Kyle Brodziak is hit by Alec Martinez and loses puck.
3:59 of 1st period - Shot by Brandon Sutter.
3:59 of 1st period - Deflect By David Kampf.
3:59 of 1st period - Stopped by John Gibson without a rebound.
4:00 of 1st period - Artem Anisimov wins face-off versus Brayden Schenn in RedWings zone.
4:09 of 1st period - Shot by Filip Forsberg.
4:09 of 1st period - Shot Misses the Net.
5:09 of 1st period - Shot by Jared Spurgeon.
5:09 of 1st period - Stopped by John Gibson without a rebound.
5:10 of 1st period - Evgeni Malkin wins face-off versus Micheal Ferland in RedWings zone.
5:11 of 1st period - Shot by Alec Martinez.
5:11 of 1st period - Stopped by John Gibson with a rebound.
5:20 of 1st period - Off-side.
5:21 of 1st period - David Kampf wins face-off versus Sean Monahan in neutral zone.
5:21 of 1st period - David Kampf is hit by David Pastrnak.
5:47 of 1st period - Shot by Jared Spurgeon.
5:47 of 1st period - Stopped by John Gibson without a rebound.
5:48 of 1st period - Frans Nielsen wins face-off versus Evgeni Malkin in RedWings zone.
5:48 of 1st period - Ryan Hartman is hit by Evgeni Malkin and loses puck.
6:00 of 1st period - Shot by Jason Demers.
6:00 of 1st period - Shot Misses the Net.
6:02 of 1st period - Shot by Alec Martinez.
6:02 of 1st period - Shot Blocked by Jake Gardiner.
6:04 of 1st period - Shot by Jason Demers.
6:04 of 1st period - Stopped by John Gibson without a rebound.
6:05 of 1st period - Kyle Brodziak wins face-off versus Artem Anisimov in RedWings zone.
6:22 of 1st period - Shot by Erik Haula.
6:22 of 1st period - Stopped by Mike Smith without a rebound.
6:23 of 1st period - Sean Monahan wins face-off versus Evgeni Malkin in Flames zone.
6:38 of 1st period - Shot by Sean Monahan.
6:38 of 1st period - Stopped by Mike Smith without a rebound.
6:39 of 1st period - Brandon Sutter wins face-off versus Brayden Schenn in Flames zone.
6:53 of 1st period - Shot by Brandon Sutter.
6:53 of 1st period - Shot Misses the Net.
6:55 of 1st period - Shot by Brandon Sutter.
6:55 of 1st period - Shot Blocked by Filip Forsberg.
7:10 of 1st period - Icing by Brandon Sutter.
7:11 of 1st period - David Kampf wins face-off versus Frans Nielsen in Flames zone.
8:10 of 1st period - Shot by James van Riemsdyk.
8:10 of 1st period - Shot Hit the Post.
8:12 of 1st period - Shot by Viktor Arvidsson.
8:12 of 1st period - Stopped by John Gibson without a rebound.
8:13 of 1st period - Sean Monahan wins face-off versus Conor Sheary in RedWings zone.
8:13 of 1st period - Jonathan Drouin is hit by Artem Anisimov and loses puck.
8:26 of 1st period - Shot by Artem Anisimov.
8:26 of 1st period - Shot Blocked by David Pastrnak.
8:28 of 1st period - Shot by Artem Anisimov.
8:28 of 1st period - Stopped by John Gibson without a rebound.
8:29 of 1st period - Brayden Schenn wins face-off versus Matthew Peca in RedWings zone.
9:39 of 1st period - Icing by Jason Garrison.
9:40 of 1st period - Viktor Arvidsson wins face-off versus Jonathan Drouin in Flames zone.
9:44 of 1st period - Off-side.
9:45 of 1st period - Sean Monahan wins face-off versus Brandon Sutter in neutral zone.
10:34 of 1st period - Icing by Alec Martinez.
10:35 of 1st period - Brandon Sutter wins face-off versus Kyle Brodziak in Flames zone.
10:35 of 1st period - Brandon Sutter is hit by Kyle Brodziak.
10:36 of 1st period - Minor Penalty to Kyle Brodziak for High sticking.
10:37 of 1st period - Evgeni Malkin wins face-off versus Brayden Schenn in RedWings zone.
12:01 of 1st period - Alec Martinez is hit by Dan Hamhuis.
12:27 of 1st period - Shot by Jared Spurgeon.
12:27 of 1st period - Shot Blocked by Dan Hamhuis.
12:42 of 1st period - Ben Lovejoy is hit by Jason Garrison.
12:52 of 1st period - Shot by Jason Garrison.
12:52 of 1st period - Stopped by John Gibson without a rebound.
12:53 of 1st period - Nick Ritchie wins face-off versus Kyle Brodziak in RedWings zone.
13:05 of 1st period - Andrew Cogliano is hit by Jason Garrison and loses puck.
13:14 of 1st period - Shot by Andrew Cogliano.
13:14 of 1st period - Deflect By Erik Haula.
13:14 of 1st period - Shot Misses the Net.
13:20 of 1st period - Shot by Kyle Brodziak.
13:20 of 1st period - Stopped by Mike Smith without a rebound.
13:21 of 1st period - Artem Anisimov wins face-off versus Brayden Schenn in Flames zone.
13:41 of 1st period - Shot by Conor Sheary.
13:41 of 1st period - Shot Misses the Net.
13:43 of 1st period - Shot by Gabriel Bourque.
13:43 of 1st period - Shot Misses the Net.
13:45 of 1st period - Shot by Alec Martinez.
13:45 of 1st period - Deflect By Conor Sheary.
13:45 of 1st period - Stopped by John Gibson without a rebound.
13:46 of 1st period - Brandon Sutter wins face-off versus Sean Monahan in RedWings zone.
14:58 of 1st period - Shot by Brayden Schenn.
14:58 of 1st period - Goal by Brayden Schenn - Flames : 0 - RedWings : 2.
14:59 of 1st period - Micheal Ferland wins face-off versus Evgeni Malkin in neutral zone.
15:08 of 1st period - Shot by Evgeni Malkin.
15:08 of 1st period - Stopped by John Gibson without a rebound.
15:09 of 1st period - Artem Anisimov wins face-off versus Brayden Schenn in RedWings zone.
15:26 of 1st period - Shot by Conor Sheary.
15:26 of 1st period - Stopped by John Gibson without a rebound.
15:27 of 1st period - Evgeni Malkin wins face-off versus Frans Nielsen in RedWings zone.
15:27 of 1st period - Alec Martinez is hit by Dan Hamhuis and loses puck.
15:42 of 1st period - Shot by Micheal Ferland.
15:42 of 1st period - Shot Misses the Net.
15:45 of 1st period - Frans Nielsen is hit by Jason Demers.
15:57 of 1st period - Shot by Micheal Ferland.
15:57 of 1st period - Shot Blocked by Alec Martinez.
15:59 of 1st period - Shot by Dan Hamhuis.
15:59 of 1st period - Shot Hit the Post.
16:01 of 1st period - Shot by Frans Nielsen.
16:01 of 1st period - Shot Blocked by Viktor Arvidsson.
16:12 of 1st period - Icing by Jason Demers.
16:13 of 1st period - Brayden Schenn wins face-off versus Evgeni Malkin in Flames zone.
16:22 of 1st period - Shot by Filip Forsberg.
16:22 of 1st period - Stopped by Mike Smith without a rebound.
16:23 of 1st period - Artem Anisimov wins face-off versus Sean Monahan in Flames zone.
16:35 of 1st period - Icing by Kris Russell.
16:36 of 1st period - Brandon Sutter wins face-off versus Sean Monahan in RedWings zone.
16:57 of 1st period - Jordan Martinook is hit by Sean Monahan and loses puck.
17:14 of 1st period - Jordan Martinook is hit by Kris Russell.
17:45 of 1st period - Shot by Tyler Toffoli.
17:45 of 1st period - Shot Misses the Net.
18:36 of 1st period - Icing by Alec Martinez.
18:37 of 1st period - Evgeni Malkin wins face-off versus Frans Nielsen in Flames zone.
18:37 of 1st period - Evgeni Malkin is hit by Micheal Ferland.
19:04 of 1st period - Icing by Alec Martinez.
19:05 of 1st period - Sean Monahan wins face-off versus Evgeni Malkin in Flames zone.
19:12 of 1st period - Shot by Sean Monahan.
19:12 of 1st period - Shot Blocked by Alec Martinez.
Goals for this period are 0 for Flames vs 2 for RedWings.
Shots for this period are 11 for Flames vs 7 for RedWings.

2nd period


0:01 of 2nd period - Evgeni Malkin wins face-off versus Brayden Schenn in neutral zone.
0:07 of 2nd period - Viktor Arvidsson is hit by Kris Russell and loses puck.
0:10 of 2nd period - Shot by James van Riemsdyk.
0:10 of 2nd period - Shot Misses the Net.
0:27 of 2nd period - Viktor Arvidsson is hit by Jake Gardiner and loses puck.
0:43 of 2nd period - Viktor Arvidsson is hit by Kris Russell and loses puck.
0:53 of 2nd period - Minor Penalty to Kris Russell for Holding.
0:54 of 2nd period - Kyle Brodziak wins face-off versus Brandon Sutter in RedWings zone.
1:48 of 2nd period - Shot by Evgeni Malkin.
1:48 of 2nd period - Goal by Evgeni Malkin - Flames : 1 - RedWings : 2.
1:49 of 2nd period - Artem Anisimov wins face-off versus Frans Nielsen in neutral zone.
2:15 of 2nd period - Shot by Artem Anisimov.
2:15 of 2nd period - Shot Misses the Net.
2:49 of 2nd period - Shot by Filip Forsberg.
2:49 of 2nd period - Deflect By Tyler Toffoli.
2:49 of 2nd period - Shot Misses the Net.
2:51 of 2nd period - Shot by Filip Forsberg.
2:51 of 2nd period - Shot Blocked by Jared Spurgeon.
2:53 of 2nd period - Shot by Tyler Toffoli.
2:53 of 2nd period - Stopped by Mike Smith without a rebound.
2:54 of 2nd period - Matthew Peca wins face-off versus Sean Monahan in Flames zone.
3:01 of 2nd period - Shot by Nick Ritchie.
3:01 of 2nd period - Shot Misses the Net.
3:04 of 2nd period - Icing by Jake Gardiner.
3:05 of 2nd period - Sean Monahan wins face-off versus Evgeni Malkin in RedWings zone.
3:05 of 2nd period - Sean Monahan is hit by Evgeni Malkin.
3:11 of 2nd period - Jake Gardiner is hit by Evgeni Malkin and loses puck.
3:32 of 2nd period - Shot by James van Riemsdyk.
3:32 of 2nd period - Stopped by John Gibson without a rebound.
3:33 of 2nd period - Brayden Schenn wins face-off versus Brandon Sutter in RedWings zone.
3:50 of 2nd period - Shot by Jason Demers.
3:50 of 2nd period - Stopped by John Gibson without a rebound.
3:51 of 2nd period - Kyle Brodziak wins face-off versus Matthew Peca in RedWings zone.
4:10 of 2nd period - Shot by Justin Faulk.
4:10 of 2nd period - Stopped by John Gibson with a rebound.
4:15 of 2nd period - Icing by Andrew Cogliano.
4:16 of 2nd period - Kyle Brodziak wins face-off versus Evgeni Malkin in RedWings zone.
4:29 of 2nd period - Shot by Andrew Cogliano.
4:29 of 2nd period - Deflect By Erik Haula.
4:29 of 2nd period - Stopped by Mike Smith without a rebound.
4:30 of 2nd period - Brandon Sutter wins face-off versus Brayden Schenn in Flames zone.
4:30 of 2nd period - Justin Faulk is hit by Tyler Toffoli and loses puck.
5:31 of 2nd period - Shot by David Pastrnak.
5:31 of 2nd period - Stopped by Mike Smith without a rebound.
5:32 of 2nd period - Frans Nielsen wins face-off versus Gabriel Bourque in Flames zone.
5:33 of 2nd period - Shot by Micheal Ferland.
5:33 of 2nd period - Shot Misses the Net.
5:35 of 2nd period - Shot by Dan Hamhuis.
5:35 of 2nd period - Stopped by Mike Smith with a rebound.
5:37 of 2nd period - Shot by Dan Hamhuis.
5:37 of 2nd period - Stopped by Mike Smith without a rebound.
5:38 of 2nd period - Evgeni Malkin wins face-off versus David Pastrnak in Flames zone.
5:59 of 2nd period - Viktor Arvidsson is hit by Paul Martin and loses puck.
6:10 of 2nd period - Shot by Jonathan Drouin.
6:10 of 2nd period - Shot Misses the Net.
6:12 of 2nd period - Shot by Dan Hamhuis.
6:12 of 2nd period - Shot Misses the Net.
6:28 of 2nd period - Frans Nielsen is hit by Alec Martinez and loses puck.
6:38 of 2nd period - Frans Nielsen is hit by Alec Martinez and loses puck.
6:44 of 2nd period - Evgeni Malkin is hit by Ryan Hartman and loses puck.
7:41 of 2nd period - Icing by Justin Faulk.
7:42 of 2nd period - Brandon Sutter wins face-off versus Kyle Brodziak in Flames zone.
8:48 of 2nd period - Icing by Kris Russell.
8:49 of 2nd period - Evgeni Malkin wins face-off versus Brayden Schenn in RedWings zone.
8:59 of 2nd period - Shot by Evgeni Malkin.
8:59 of 2nd period - Deflect By Viktor Arvidsson.
8:59 of 2nd period - Shot Misses the Net.
9:32 of 2nd period - Minor Penalty to Nick Ritchie for Roughing.
9:33 of 2nd period - David Pastrnak wins face-off versus Evgeni Malkin in Flames zone.
9:57 of 2nd period - Icing by Ben Lovejoy.
9:58 of 2nd period - Evgeni Malkin wins face-off versus Sean Monahan in RedWings zone.
9:59 of 2nd period - Shot by Brandon Sutter.
9:59 of 2nd period - Shot Misses the Net.
11:20 of 2nd period - Shot by Sean Monahan.
11:20 of 2nd period - Stopped by Mike Smith without a rebound.
11:21 of 2nd period - Micheal Ferland wins face-off versus Viktor Arvidsson in Flames zone.
11:28 of 2nd period - Shot by David Pastrnak.
11:28 of 2nd period - Stopped by Mike Smith without a rebound.
11:29 of 2nd period - Sean Monahan wins face-off versus David Kampf in Flames zone.
11:30 of 2nd period - Shot by David Pastrnak.
11:30 of 2nd period - Stopped by Mike Smith without a rebound.
11:31 of 2nd period - David Kampf wins face-off versus Micheal Ferland in Flames zone.
11:36 of 2nd period - Erik Haula is hit by Nick Ritchie and loses puck.
11:46 of 2nd period - Minor Penalty to Ben Lovejoy for Hooking.
11:47 of 2nd period - Kyle Brodziak wins face-off versus Brandon Sutter in RedWings zone.
12:41 of 2nd period - Jason Demers is hit by Andrew Cogliano and loses puck.
13:28 of 2nd period - Shot by Jared Spurgeon.
13:28 of 2nd period - Stopped by John Gibson without a rebound.
13:29 of 2nd period - Brandon Sutter wins face-off versus Kyle Brodziak in RedWings zone.
13:56 of 2nd period - Shot by Sean Monahan.
13:56 of 2nd period - Shot Misses the Net.
13:58 of 2nd period - Shot by Nick Jensen.
13:58 of 2nd period - Stopped by Mike Smith without a rebound.
13:59 of 2nd period - Filip Forsberg wins face-off versus Matthew Peca in Flames zone.
14:12 of 2nd period - Shot by Nick Ritchie.
14:12 of 2nd period - Shot Misses the Net.
14:15 of 2nd period - Matthew Peca is hit by Ben Lovejoy.
14:18 of 2nd period - Minor Penalty to Ben Lovejoy for Hooking.
14:19 of 2nd period - Kyle Brodziak wins face-off versus James van Riemsdyk in RedWings zone.
14:39 of 2nd period - Shot by James van Riemsdyk.
14:39 of 2nd period - Shot Hit the Post.
15:14 of 2nd period - Shot by Jason Demers.
15:14 of 2nd period - Stopped by John Gibson with a rebound.
15:16 of 2nd period - Shot by Jordan Martinook.
15:16 of 2nd period - Stopped by John Gibson without a rebound.
15:17 of 2nd period - Frans Nielsen wins face-off versus Brandon Sutter in RedWings zone.
16:32 of 2nd period - Icing by Sean Monahan.
16:33 of 2nd period - Sean Monahan wins face-off versus Matthew Peca in RedWings zone.
16:49 of 2nd period - Shot by David Pastrnak.
16:49 of 2nd period - Deflect By Sean Monahan.
16:49 of 2nd period - Shot Misses the Net.
16:53 of 2nd period - Shot by David Pastrnak.
16:53 of 2nd period - Deflect By Sean Monahan.
16:53 of 2nd period - Shot Misses the Net.
16:55 of 2nd period - Shot by Ben Lovejoy.
16:55 of 2nd period - Stopped by Mike Smith with a rebound.
16:57 of 2nd period - Shot by Ben Lovejoy.
16:57 of 2nd period - Shot Blocked by Marc Staal.
18:42 of 2nd period - Shot by James van Riemsdyk.
18:42 of 2nd period - Stopped by John Gibson without a rebound.
18:43 of 2nd period - Sean Monahan wins face-off versus Brandon Sutter in RedWings zone.
18:45 of 2nd period - Minor Penalty to Jordan Martinook for Tripping.
18:46 of 2nd period - Brandon Sutter wins face-off versus Sean Monahan in Flames zone.
18:46 of 2nd period - Brandon Sutter is hit by Sean Monahan.
18:57 of 2nd period - Shot by David Pastrnak.
18:57 of 2nd period - Stopped by Mike Smith without a rebound.
18:58 of 2nd period - Sean Monahan wins face-off versus Evgeni Malkin in Flames zone.
19:09 of 2nd period - Shot by David Pastrnak.
19:09 of 2nd period - Stopped by Mike Smith without a rebound.
19:10 of 2nd period - Evgeni Malkin wins face-off versus Sean Monahan in Flames zone.
19:43 of 2nd period - Shot by David Pastrnak.
19:43 of 2nd period - Shot Misses the Net.
Goals for this period are 1 for Flames vs 0 for RedWings.
Shots for this period are 8 for Flames vs 12 for RedWings.

3rd period


0:01 of 3rd period - Evgeni Malkin wins face-off versus Sean Monahan in neutral zone.
0:27 of 3rd period - Shot by David Pastrnak.
0:27 of 3rd period - Shot Misses the Net.
0:37 of 3rd period - Shot by Micheal Ferland.
0:37 of 3rd period - Stopped by Mike Smith with a rebound.
0:39 of 3rd period - Shot by Kris Russell.
0:39 of 3rd period - Shot Blocked by Jared Spurgeon.
0:41 of 3rd period - Shot by Jake Gardiner.
0:41 of 3rd period - Shot Misses the Net.
0:51 of 3rd period - Artem Anisimov is hit by Kyle Brodziak and loses puck.
0:57 of 3rd period - Icing by Artem Anisimov.
0:58 of 3rd period - Artem Anisimov wins face-off versus Tyler Toffoli in Flames zone.
1:15 of 3rd period - Shot by Conor Sheary.
1:15 of 3rd period - Deflect By Artem Anisimov.
1:15 of 3rd period - Shot Blocked by Ben Lovejoy.
1:53 of 3rd period - Shot by Daniel Carr.
1:53 of 3rd period - Shot Misses the Net.
1:55 of 3rd period - Shot by Nick Ritchie.
1:55 of 3rd period - Stopped by John Gibson with a rebound.
1:57 of 3rd period - Shot by Matthew Peca.
1:57 of 3rd period - Deflect By Daniel Carr.
1:57 of 3rd period - Stopped by John Gibson without a rebound.
1:58 of 3rd period - Sean Monahan wins face-off versus Evgeni Malkin in RedWings zone.
2:05 of 3rd period - Shot by David Pastrnak.
2:05 of 3rd period - Stopped by Mike Smith without a rebound.
2:06 of 3rd period - Evgeni Malkin wins face-off versus Sean Monahan in Flames zone.
2:06 of 3rd period - Evgeni Malkin is hit by Jonathan Drouin.
2:09 of 3rd period - Icing by Jared Spurgeon.
2:10 of 3rd period - Sean Monahan wins face-off versus Evgeni Malkin in Flames zone.
2:19 of 3rd period - Shot by Evgeni Malkin.
2:19 of 3rd period - Stopped by John Gibson without a rebound.
2:20 of 3rd period - Ryan Hartman wins face-off versus Brandon Sutter in RedWings zone.
2:33 of 3rd period - Shot by Micheal Ferland.
2:33 of 3rd period - Shot Blocked by Jordan Martinook.
2:38 of 3rd period - Icing by Brandon Sutter.
2:39 of 3rd period - Sean Monahan wins face-off versus Brandon Sutter in Flames zone.
2:43 of 3rd period - Icing by Brandon Sutter.
2:44 of 3rd period - Brayden Schenn wins face-off versus Brandon Sutter in Flames zone.
2:59 of 3rd period - Shot by Filip Forsberg.
2:59 of 3rd period - Shot Blocked by Jared Spurgeon.
3:20 of 3rd period - Tyler Toffoli is hit by Justin Faulk and loses puck.
4:03 of 3rd period - Shot by Jonathan Drouin.
4:03 of 3rd period - Stopped by Mike Smith without a rebound.
4:04 of 3rd period - Frans Nielsen wins face-off versus Evgeni Malkin in Flames zone.
4:11 of 3rd period - Shot by Micheal Ferland.
4:11 of 3rd period - Shot Misses the Net.
4:31 of 3rd period - Shot by Alec Martinez.
4:31 of 3rd period - Shot Misses the Net.
4:33 of 3rd period - Shot by Viktor Arvidsson.
4:33 of 3rd period - Stopped by John Gibson without a rebound.
4:34 of 3rd period - Artem Anisimov wins face-off versus Kyle Brodziak in RedWings zone.
5:08 of 3rd period - Shot by Erik Haula.
5:08 of 3rd period - Shot Blocked by Jason Garrison.
5:33 of 3rd period - Icing by Kyle Brodziak.
5:34 of 3rd period - Evgeni Malkin wins face-off versus Kyle Brodziak in RedWings zone.
5:42 of 3rd period - Shot by Evgeni Malkin.
5:42 of 3rd period - Shot Misses the Net.
5:44 of 3rd period - Shot by Jason Demers.
5:44 of 3rd period - Shot Blocked by Kris Russell.
5:46 of 3rd period - Shot by Jason Demers.
5:46 of 3rd period - Shot Blocked by Jake Gardiner.
5:48 of 3rd period - Shot by Evgeni Malkin.
5:48 of 3rd period - Shot Misses the Net.
5:50 of 3rd period - Shot by Evgeni Malkin.
5:50 of 3rd period - Stopped by John Gibson without a rebound.
5:51 of 3rd period - Brayden Schenn wins face-off versus Matthew Peca in RedWings zone.
5:51 of 3rd period - Brayden Schenn is hit by Nick Ritchie.
6:01 of 3rd period - Shot by Tyler Toffoli.
6:01 of 3rd period - Stopped by Mike Smith without a rebound.
6:02 of 3rd period - Evgeni Malkin wins face-off versus Jonathan Drouin in Flames zone.
6:02 of 3rd period - Evgeni Malkin is hit by David Pastrnak.
6:10 of 3rd period - Shot by Jonathan Drouin.
6:10 of 3rd period - Shot Misses the Net.
6:26 of 3rd period - Shot by Jason Demers.
6:26 of 3rd period - Stopped by John Gibson without a rebound.
6:27 of 3rd period - Brandon Sutter wins face-off versus Brayden Schenn in RedWings zone.
6:36 of 3rd period - Shot by Tyler Toffoli.
6:36 of 3rd period - Shot Misses the Net.
7:04 of 3rd period - Shot by Tyler Toffoli.
7:04 of 3rd period - Stopped by Mike Smith without a rebound.
7:05 of 3rd period - Sean Monahan wins face-off versus Evgeni Malkin in Flames zone.
7:16 of 3rd period - Shot by Evgeni Malkin.
7:16 of 3rd period - Stopped by John Gibson without a rebound.
7:17 of 3rd period - Frans Nielsen wins face-off versus Artem Anisimov in RedWings zone.
7:17 of 3rd period - Frans Nielsen is hit by Artem Anisimov.
7:31 of 3rd period - Shot by Frans Nielsen.
7:31 of 3rd period - Goal by Frans Nielsen - Flames : 1 - RedWings : 3.
7:32 of 3rd period - Evgeni Malkin wins face-off versus Sean Monahan in neutral zone.
7:43 of 3rd period - Shot by Evgeni Malkin.
7:43 of 3rd period - Goal by Evgeni Malkin - Flames : 2 - RedWings : 3.
7:44 of 3rd period - Brayden Schenn wins face-off versus Brandon Sutter in neutral zone.
7:46 of 3rd period - Minor Penalty to Jordan Martinook for Hooking.
7:47 of 3rd period - Sean Monahan wins face-off versus Evgeni Malkin in Flames zone.
7:52 of 3rd period - Shot by David Pastrnak.
7:52 of 3rd period - Stopped by Mike Smith without a rebound.
7:53 of 3rd period - Sean Monahan wins face-off versus Evgeni Malkin in Flames zone.
8:58 of 3rd period - Shot by Paul Martin.
8:58 of 3rd period - Deflect By Brayden Schenn.
8:58 of 3rd period - Stopped by Mike Smith without a rebound.
8:59 of 3rd period - Andrew Cogliano wins face-off versus Evgeni Malkin in Flames zone.
9:00 of 3rd period - Shot by Brayden Schenn.
9:00 of 3rd period - Stopped by Mike Smith without a rebound.
9:01 of 3rd period - Evgeni Malkin wins face-off versus Brayden Schenn in Flames zone.
9:20 of 3rd period - Shot by Alec Martinez.
9:20 of 3rd period - Shot Misses the Net.
9:23 of 3rd period - Icing by Ben Lovejoy.
9:24 of 3rd period - Brayden Schenn wins face-off versus Viktor Arvidsson in RedWings zone.
9:55 of 3rd period - Shot by Nick Ritchie.
9:55 of 3rd period - Deflect By Daniel Carr.
9:55 of 3rd period - Stopped by John Gibson without a rebound.
9:56 of 3rd period - Brandon Sutter wins face-off versus Sean Monahan in RedWings zone.
10:17 of 3rd period - Shot by Marc Staal.
10:17 of 3rd period - Shot Misses the Net.
10:42 of 3rd period - Sean Monahan is hit by Evgeni Malkin and loses puck.
11:33 of 3rd period - Shot by Conor Sheary.
11:33 of 3rd period - Shot Misses the Net.
11:35 of 3rd period - Shot by Gabriel Bourque.
11:35 of 3rd period - Stopped by John Gibson without a rebound.
11:36 of 3rd period - Brayden Schenn wins face-off versus Matthew Peca in RedWings zone.
11:54 of 3rd period - Shot by Daniel Carr.
11:54 of 3rd period - Shot Misses the Net.
11:56 of 3rd period - Shot by Daniel Carr.
11:56 of 3rd period - Shot Blocked by Ben Lovejoy.
11:58 of 3rd period - Shot by Alec Martinez.
11:58 of 3rd period - Stopped by John Gibson with a rebound.
12:00 of 3rd period - Shot by Matthew Peca.
12:00 of 3rd period - Shot Misses the Net.
12:24 of 3rd period - Shot by Brandon Sutter.
12:24 of 3rd period - Stopped by John Gibson with a rebound.
12:33 of 3rd period - Shot by Brandon Sutter.
12:33 of 3rd period - Shot Misses the Net.
12:35 of 3rd period - Shot by Brandon Sutter.
12:35 of 3rd period - Stopped by John Gibson without a rebound.
12:36 of 3rd period - Sean Monahan wins face-off versus Evgeni Malkin in RedWings zone.
12:53 of 3rd period - Shot by Viktor Arvidsson.
12:53 of 3rd period - Deflect By James van Riemsdyk.
12:53 of 3rd period - Shot Blocked by Sean Monahan.
12:55 of 3rd period - Shot by Jared Spurgeon.
12:55 of 3rd period - Shot Blocked by Jonathan Drouin.
12:57 of 3rd period - Shot by Viktor Arvidsson.
12:57 of 3rd period - Shot Misses the Net.
13:03 of 3rd period - Shot by James van Riemsdyk.
13:03 of 3rd period - Deflect By Evgeni Malkin.
13:03 of 3rd period - Stopped by John Gibson without a rebound.
13:04 of 3rd period - Frans Nielsen wins face-off versus Brandon Sutter in RedWings zone.
13:04 of 3rd period - Dan Hamhuis is hit by Jordan Martinook and loses puck.
13:13 of 3rd period - Shot by Brandon Sutter.
13:13 of 3rd period - Goal by Brandon Sutter - Flames : 3 - RedWings : 3.
13:14 of 3rd period - Conor Sheary wins face-off versus Andrew Cogliano in neutral zone.
13:21 of 3rd period - Shot by Artem Anisimov.
13:21 of 3rd period - Shot Misses the Net.
13:34 of 3rd period - Andrew Cogliano is hit by Alec Martinez and loses puck.
13:45 of 3rd period - Shot by Andrew Cogliano.
13:45 of 3rd period - Stopped by Mike Smith without a rebound.
13:46 of 3rd period - Evgeni Malkin wins face-off versus Brayden Schenn in Flames zone.
14:06 of 3rd period - Icing by Viktor Arvidsson.
14:07 of 3rd period - Sean Monahan wins face-off versus Evgeni Malkin in Flames zone.
14:18 of 3rd period - Shot by Sean Monahan.
14:18 of 3rd period - Shot Misses the Net.
14:31 of 3rd period - Shot by Evgeni Malkin.
14:31 of 3rd period - Stopped by John Gibson without a rebound.
14:32 of 3rd period - Brandon Sutter wins face-off versus Brayden Schenn in RedWings zone.
14:37 of 3rd period - Shot by Brandon Sutter.
14:37 of 3rd period - Stopped by John Gibson without a rebound.
14:38 of 3rd period - Filip Forsberg wins face-off versus Brandon Sutter in RedWings zone.
14:53 of 3rd period - Shot by Tyler Toffoli.
14:53 of 3rd period - Stopped by Mike Smith without a rebound.
14:54 of 3rd period - Sean Monahan wins face-off versus Artem Anisimov in Flames zone.
15:06 of 3rd period - David Pastrnak is hit by Jared Spurgeon.
15:12 of 3rd period - Shot by Jonathan Drouin.
15:12 of 3rd period - Stopped by Mike Smith without a rebound.
15:13 of 3rd period - Brayden Schenn wins face-off versus Evgeni Malkin in Flames zone.
15:18 of 3rd period - Shot by Filip Forsberg.
15:18 of 3rd period - Stopped by Mike Smith without a rebound.
15:19 of 3rd period - Evgeni Malkin wins face-off versus Brayden Schenn in Flames zone.
15:19 of 3rd period - Evgeni Malkin is hit by Brayden Schenn.
15:39 of 3rd period - Kris Russell is hit by Evgeni Malkin and loses puck.
16:00 of 3rd period - Shot by Filip Forsberg.
16:00 of 3rd period - Deflect By Brayden Schenn.
16:00 of 3rd period - Stopped by Mike Smith without a rebound.
16:01 of 3rd period - Brandon Sutter wins face-off versus Jonathan Drouin in Flames zone.
16:36 of 3rd period - Shot by Sean Monahan.
16:36 of 3rd period - Shot Misses the Net.
16:38 of 3rd period - Shot by Paul Martin.
16:38 of 3rd period - Shot Blocked by Jason Demers.
16:56 of 3rd period - Shot by Micheal Ferland.
16:56 of 3rd period - Shot Blocked by Jason Demers.
16:58 of 3rd period - Shot by Ben Lovejoy.
16:58 of 3rd period - Shot Blocked by Alec Martinez.
17:04 of 3rd period - Shot by Frans Nielsen.
17:04 of 3rd period - Shot Misses the Net.
17:06 of 3rd period - Shot by Nick Jensen.
17:06 of 3rd period - Shot Misses the Net.
17:08 of 3rd period - Shot by Frans Nielsen.
17:08 of 3rd period - Shot Misses the Net.
17:10 of 3rd period - Shot by Frans Nielsen.
17:10 of 3rd period - Deflect By Micheal Ferland.
17:10 of 3rd period - Shot Hit the Post.
17:12 of 3rd period - Shot by Ben Lovejoy.
17:12 of 3rd period - Shot Misses the Net.
17:14 of 3rd period - Shot by Ben Lovejoy.
17:14 of 3rd period - Stopped by Mike Smith without a rebound.
17:15 of 3rd period - Evgeni Malkin wins face-off versus Brayden Schenn in Flames zone.
17:15 of 3rd period - Minor Penalty to Tyler Toffoli for Hooking.
17:16 of 3rd period - Evgeni Malkin wins face-off versus Kyle Brodziak in RedWings zone.
18:24 of 3rd period - Shot by Brandon Sutter.
18:24 of 3rd period - Deflect By Matthew Peca.
18:24 of 3rd period - Stopped by John Gibson without a rebound.
18:25 of 3rd period - Brandon Sutter wins face-off versus Kyle Brodziak in RedWings zone.
18:26 of 3rd period - Shot by Justin Faulk.
18:26 of 3rd period - Shot Misses the Net.
18:40 of 3rd period - Shot by Jared Spurgeon.
18:40 of 3rd period - Shot Blocked by Kris Russell.
18:52 of 3rd period - Shot by Justin Faulk.
18:52 of 3rd period - Stopped by John Gibson without a rebound.
18:53 of 3rd period - Kyle Brodziak wins face-off versus Evgeni Malkin in RedWings zone.
19:14 of 3rd period - Icing by Alec Martinez.
19:15 of 3rd period - Artem Anisimov wins face-off versus Sean Monahan in Flames zone.
19:19 of 3rd period - Marc Staal is hit by Ben Lovejoy and loses puck.
19:45 of 3rd period - Shot by Sean Monahan.
19:45 of 3rd period - Stopped by Mike Smith without a rebound.
19:46 of 3rd period - Nick Ritchie wins face-off versus Brayden Schenn in Flames zone.
19:54 of 3rd period - Off-side.
19:55 of 3rd period - Frans Nielsen wins face-off versus Evgeni Malkin in neutral zone.
Goals for this period are 2 for Flames vs 1 for RedWings.
Shots for this period are 19 for Flames vs 16 for RedWings.

Overtime #1


0:01 of 1st overtime period - Brandon Sutter wins face-off versus Sean Monahan in neutral zone.
0:35 of 1st overtime period - Shot by Evgeni Malkin.
0:35 of 1st overtime period - Deflect By Brandon Sutter.
0:35 of 1st overtime period - Shot Misses the Net.
1:05 of 1st overtime period - Shot by David Pastrnak.
1:05 of 1st overtime period - Goal by David Pastrnak - Flames : 3 - RedWings : 4.
Goals for this period are 0 for Flames vs 1 for RedWings.
Shots for this period are 0 for Flames vs 1 for RedWings.